 Seeded DCSS version 0.30-a0-34-gbe8da3892a (webtiles) character file.

Game seed: 7243117139357840623 (custom seed)

417 flotson the Sneak (level 6, -3/45 (48) HPs)
             Began as a Demonspawn Delver on Aug 27, 2022.
             Was an Initiate of Gozag.
             Slain by an ogre
             ... wielding a +0 giant spiked club
              (30 damage)
             ... on level 4 of the Dungeon.
             The game lasted 00:07:01 (5002 turns).

flotson the Sneak (Demonspawn Delver)               Turns: 5002, Time: 00:07:01

HP:   -3/45 (48)    AC:  7    Str: 14    XL:     6   Next: 61%
MP:   6/6           EV: 10    Int: 16    God:    Gozag
Gold: 264           SH:  0    Dex: 14    Spells: 5/5 levels left

rFire   . . .      SeeInvis .    a - +0 hand axe
rCold   . . .      Faith    .    (no shield)
rNeg    . . .      Spirit   .    o - +0 scale mail
rPois   .          Reflect  .    (no helmet)
rElec   .          Harm     .    p - +0 cloak
rCorr   .          Rampage  .    (no gloves)
Will    .....                    (no boots)
Stlth   +.........               n - amulet of regeneration
HPRegen 0.95/turn                (no ring)
MPRegen 0.10/turn                (no ring)

@: drained
A: foul stench 2, big brain 2
a: Renounce Religion, Potion Petition, Call Merchant, Bribe Branch


You were on level 4 of the Dungeon.
You worshipped Gozag.
Gozag was aware of your devotion.
You visited 1 branch of the dungeon, and saw 5 of its levels.

You collected 322 gold pieces.
You paid 58 gold pieces to Gozag.

Inventory:

Hand Weapons
 a - a +0 hand axe (weapon)
Missiles
 h - 7 poisoned darts (quivered)
Armour
 o - a +0 scale mail (worn)
 p - a +0 cloak (worn)
Jewellery
 n - an amulet of regeneration (around neck)
Wands
 g - a wand of digging (3)
 i - a wand of flame (17)
Scrolls
 b - 2 scrolls of teleportation {unknown}
 c - a scroll of fog
 d - 2 scrolls of magic mapping
 e - a scroll of silence {unknown}
 k - a scroll of blinking {unknown}
 r - 2 scrolls of identify {unknown}
 s - a scroll of butterflies {unknown}
Potions
 f - a potion of haste
 j - a potion of ambrosia {unknown}
 l - a potion of flight {unknown}
 m - 2 potions of curing {unknown}
 q - a potion of brilliance {unknown}


   Skills:
 + Level 4.1 Fighting
 + Level 3.1 Axes
 + Level 2.2 Throwing
 + Level 2.1 Armour
 + Level 3.0 Dodging
 - Level 4.5 Stealth
 + Level 2.6 Evocations


You had 5 spell levels left.
You didn't know any spells.
Your spell library contained the following spells:

 Spells                   Type           Power      Damage    Failure   Level
 Apportation              Tloc           0%         N/A       71%         1
 Necrotise                Necr           0%         1d4       71%         1
 Summon Small Mammal      Summ           0%         N/A       71%         1
 Ensorcelled Hibernation  Hex/Ice        0%         N/A       85%         2
 Spider Form              Tmut/Pois      0%         N/A       97%         3
 Anguish                  Hex/Necr       0%         N/A       100%        4


Dungeon Overview and Level Annotations

Branches:
Dungeon (5/15)             Temple (0/1) D:4

Altars:
Dithmenos
Gozag
Okawaru
Sif Muna

Shops:
D:3 (:(


Innate Abilities, Weirdness & Mutations

You sometimes emit foul miasma when damaged in melee.
You have an extremely huge brain. (Int +4)


Message History

You see here a +0 hand axe.
h - 12 poisoned darts (gained 1)
An ogre comes into view. It is wielding a +0 giant spiked club.
The ogre shouts!
Throw: 12 darts (poison)
Press: ? - help, Q - select action, (/) - cycle Shift-Dir - straight line, f - ogre
Aim: an ogre, wielding a +0 giant spiked club (76% to hit)
You throw a poisoned dart. The poisoned dart hits the ogre.
The ogre is poisoned.
Throw: 11 darts (poison)
Press: ? - help, Q - select action, (/) - cycle Shift-Dir - straight line, f/p - ogre
Aim: an ogre, wielding a +0 giant spiked club (poisoned, 76% to hit)
You throw a poisoned dart. The poisoned dart hits the ogre.
The ogre looks even sicker.
Throw: 10 darts (poison)
Press: ? - help, Q - select action, (/) - cycle Shift-Dir - straight line, f/p - ogre
Aim: an ogre, wielding a +0 giant spiked club (very poisoned, 76% to hit)
You throw a poisoned dart. The poisoned dart hits the ogre.
The ogre looks even sicker.
Throw: 9 darts (poison)
Press: ? - help, Q - select action, (/) - cycle Shift-Dir - straight line, f/p - ogre
Aim: an ogre, wielding a +0 giant spiked club (moderately wounded, poisoned, 76% to hit)
You throw a poisoned dart. The poisoned dart hits the ogre.
The ogre looks even sicker.
The ogre is moderately wounded.
Throw: 8 darts (poison)
Press: ? - help, Q - select action, (/) - cycle Shift-Dir - straight line, f/p - ogre
Aim: an ogre, wielding a +0 giant spiked club (heavily wounded, poisoned, 76% to hit)
You throw a poisoned dart. The poisoned dart hits the ogre.
The ogre looks even sicker.
The ogre is heavily wounded.
You hit the ogre.
The ogre is severely wounded.
The ogre hits you with a +0 giant spiked club!!
You hit the ogre.
The ogre is severely wounded.
The ogre hits you with a +0 giant spiked club!!
Ouch! That really hurt!
You die...
Your body crumbles into a pile of gold.

...............# ##.#
##.#...........# #..#
###.#.......#....# #..#######
.##...........#....## #.........
.#..................## #....##...
.#..............##.#.###....#...#
.....................#..........#
.........#................#......
.#...#...#......@O(.....###......
.#.⌠.#...#.....<..##....# ##....#
##...###.......##...#..####.....#
.........#.###..#..)#.>..........
⌠..>..⌠..####...................#
...........##...##..........(....
##...###.#....#.#........<.##.#..
.#.⌠.#...#..... #..#..#....####..
.#...#............##..#.#.### #..


You could see an ogre (very poisoned).

Vanquished Creatures
  An ogre (D:3)
  A necrophage (D:4)
  A hound (D:4)
  2 iguanas
  9 adders
  An ufetubus (D:4)
  2 dart slugs (D:1)
  4 orcs
  3 ball pythons
  6 bats
  7 endoplasms
  2 giant cockroaches
  9 goblins
  9 hobgoblins
  18 jackals
  4 kobolds
  4 quokkas
  7 frilled lizards
  6 rats
96 creatures vanquished.

Vanquished Creatures (others)
  A fungus (D:4)
1 creature vanquished.

Grand Total: 97 creatures vanquished

Notes
Turn   | Place    | Note
-------+----------+-------------------------------------------
     0 | D:5      | flotson the Demonspawn Delver began the quest for the Orb.
     0 | D:5      | Reached XP level 1. HP: 18/18 MP: 1/1
    32 | D:5      | Noticed an iguana
    33 | D:5      | Noticed a hound
    48 | D:3      | Found Ijympa Pie's Antique Weapon Emporium.
   116 | D:3      | Noticed an iguana
   552 | D:3      | Gained mutation: You may rarely emit foul miasma when
                  | damaged in melee. [demonic ancestry]
   552 | D:3      | Reached XP level 2. HP: 21/24 MP: 2/2
  1181 | D:1      | Found a faded altar of an unknown god.
  1205 | D:1      | Gained mutation: You have an unusually large brain. (Int
                  | +2) [demonic ancestry]
  1205 | D:1      | Reached XP level 3. HP: 21/29 MP: 3/3
  1595 | D:1      | Reached skill level 1 in Evocations
  1659 | D:1      | Reached skill level 1 in Throwing
  2696 | D:2      | Reached skill level 1 in Armour
  2696 | D:2      | Gained mutation: You have an extremely huge brain. (Int +4)
                  | [demonic ancestry]
  2696 | D:2      | Reached XP level 4. HP: 27/35 MP: 4/4
  3436 | D:3      | Noticed an ogre
  3662 | D:3      | Found Wasicyaxu's Antique Weapon Boutique.
  3791 | D:3      | Reached XP level 5. HP: 41/41 MP: 5/5
  3812 | D:3      | Found Iteokuem's Book Shop.
  3829 | D:3      | Found an iron altar of Okawaru.
  3831 | D:3      | Found a shimmering blue altar of Sif Muna.
  3831 | D:3      | Found an opulent altar of Gozag.
  3831 | D:3      | Found a shadowy altar of Dithmenos.
  3841 | D:3      | Became a worshipper of Gozag Ym Sagoz the Greedy
  4533 | D:3      | Killed an ogre
  4593 | D:4      | Gained mutation: You sometimes emit foul miasma when
                  | damaged in melee. [demonic ancestry]
  4593 | D:4      | Reached XP level 6. HP: 48/48 MP: 6/6
  4643 | D:4      | Found a staircase to the Ecumenical Temple.
  5002 | D:4      | Slain by an ogre

Illustrated notes

Levels and vault maps discovered:
D:1:      dpeg_arrival_water_fire, layout_basic,
          hellmonk_ecumenical_altar_zigzags, lemuel_another_geyser
D:2:      wad_crossroads, layout_basic, chequers_serial_rivers_large_b,
          minmay_fractal_squares_5
D:3:      layout_basic, grunt_temple_overflow_open, serial_shops,
          nicolae_shop_crystal, nicolae_shop_hallway_plus, shop,
          kennysheep_generic_room_7
D:4:      layout_cave_pools, minmay_temple_entry_junction_2, minivault_5,
          corexii_leaking_fountain, corner_web_ring, dreamdust_mushroom_princess
D:5:      layout_cave_pods, gammafunk_ghost_split, doesnt_shop_hydraphobe,
          uniq_menkaure

Skill      XL: |  1  2  3  4  5  6 |
---------------+-------------------+-----
Axes           | 2 3 |  3.1
Dodging        | 2 3 |  3.0
Evocations     | 1 2 |  2.6
Throwing       | 1 2 |  2.2
Armour         | 1 2 |  2.1
Fighting       | 4 |  4.1
Stealth        | |  4.5

Action                   |  1- 3 |  4- 6 || total
-------------------------+-------+-------++-------
Melee: Hand axe          |   152 |   239 ||   391
       Punch             |     5 |     2 ||     7
Throw: Dart              |     4 |    32 ||    36
  Use: Scroll            |       |     1 ||     1
 Stab: Sleeping          |     7 |     2 ||     9
       Distracted        |       |     1 ||     1
Armor: Leather armour    |    35 |       ||    35
       Scale mail        |    13 |   133 ||   146
Dodge: Dodged            |   110 |   126 ||   236

Table legend: (Time is in decaauts)
 A = Elapsed time spent in this place.
 B = Non-inter-level travel time spent in this place.
 C = Inter-level travel time spent in this place.
 D = Time resting spent in this place.
 E = Time spent auto-exploring this place.
 F = Levels seen in this place.
 G = Mean time per level.
                   A        B        C        D        E       F      G
               +--------+--------+--------+--------+--------+-----+--------+
         Total |   5098 |   4644 |    454 |    146 |   3398 |   5 | 1019.6 |
       Dungeon |   5098 |   4644 |    454 |    146 |   3398 |   5 | 1019.6 |
               +--------+--------+--------+--------+--------+-----+--------+

Top non-repeatable levels by time:
     D:1: 1883 daAuts
     D:3: 1403 daAuts
     D:2: 1293 daAuts
     D:4: 482 daAuts
     D:5: 36 daAuts
